 Dungeon Crawl Stone Soup version 0.23.2 (webtiles) character file.

Game seed: 3716109759813610979

60 Borgoz the Cutter (level 4, -1/27 HPs)
             Began as a Gargoyle Gladiator on Apr 8, 2019.
             Killed by divine providence
             ... invoked by an orc priest
              (13 damage)
             ... on level 2 of the Dungeon.
             The game lasted 00:01:10 (577 turns).

Borgoz the Cutter (Gargoyle Gladiator)               Turns: 577, Time: 00:01:11

Health: -1/27      AC:  7    Str: 21    XL:     4   Next: 4%
Magic:  4/4        EV: 12    Int:  9    God:
Gold:   107        SH:  0    Dex: 12    Spells: 3/3 levels left

rFire    . . .     SeeInvis .   a - +2 short sword (venom)
rCold    . . .     Gourm    .   (no shield)
rNeg     + . .     Faith    .   b - +0 leather armour
rPois    ∞         Spirit   .   c - +0 helmet
rElec    +         Reflect  .   (no cloak)
rCorr    .         Harm     .   (no gloves)
MR       .....                  (no boots)
Stlth    +.........             (no amulet)
HPRegen  0.09/turn              l - +4 ring of strength
MPRegen  0.09/turn              (no ring)

@: flying
A: negative energy resistance 1, electricity resistance, unbreathing,
petrification resistance, rot immunity, AC +3
a: no special abilities


You were on level 2 of the Dungeon.
You were not hungry.

You visited 1 branch of the dungeon, and saw 2 of its levels.

You collected 107 gold pieces.

Inventory:

Hand Weapons
 a - a +2 short sword of venom (weapon)
 n - a +0 rapier
Missiles
 d - 3 throwing nets (quivered)
Armour
 b - a +0 leather armour (worn)
 c - a +0 helmet (worn)
Jewellery
 l - a +4 ring of strength (left hand)
Scrolls
 g - a scroll of fear {unknown}
 h - a scroll of enchant weapon {unknown}
 j - a scroll of magic mapping {unknown}
Potions
 i - a potion of lignification {unknown}
 m - a potion of degeneration {unknown}
Comestibles
 f - 2 rations


   Skills:
 + Level 2.5 Fighting
 * Level 3.2 Short Blades
 - Level 1.7 Throwing
 + Level 1.2 Armour
 * Level 3.0 Dodging
 + Level 1.1 Stealth


You had 3 spell levels left.
You didn't know any spells.
Your spell library was empty.

Dungeon Overview and Level Annotations

Branches:
Dungeon (2/15)

Altars:


Innate Abilities, Weirdness & Mutations

You are resistant to torment.
Your stone body is resilient. (AC +3)
You are immune to poison.
You resist negative energy. (rN+)
You are resistant to electric shocks. (rElec)
You can survive without breathing.
You are immune to petrification.
You are immune to rotting.


Message History

You feel clever.
You puncture the orc!
You kill the orc!
The orc priest begins to cast a cantrip, but forgets the words!
The orc closely misses you.
The orc priest calls down the wrath of Beogh upon you.
Beogh smites you!
A worm comes into view.
Items here: ))) [ †† You are too injured to fight recklessly!
You are too injured to fight recklessly!
You are too injured to fight recklessly!
Okay, then.
It was a potion of flight.
You feel very buoyant.
You fly up into the air.
The orc closely misses you.
You barely miss the orc priest. The orc misses you.
The orc priest invokes the aid of Beogh against you.
Beogh smites you!
You die...

### #####.#
#<....#
#####.# ###
#.# #... #.#
#.... #.#
#.....###.###
......o@....#
#..##.o######
#.w ....
..... #.....
#..... #.#.##


You could see a worm, an orc priest and an orc.

Vanquished Creatures
  An orc priest (D:2)
  3 dart slugs (D:1)
  2 orcs (D:2)
  2 bats
  2 goblins (D:1)
  A hobgoblin (D:1)
  A ball python (D:1)
  4 frilled lizards (D:1)
  7 kobolds
  2 rats
25 creatures vanquished.

Notes
Turn   | Place    | Note
-------+----------+-------------------------------------------
     0 | D:1      | Borgoz the Gargoyle Gladiator began the quest for the Orb.
     0 | D:1      | Reached XP level 1. HP: 12/12 MP: 1/1
   148 | D:1      | Reached XP level 2. HP: 7/17 MP: 2/2
   443 | D:1      | Reached XP level 3. HP: 22/22 MP: 3/3
   571 | D:2      | Reached skill level 1 in Armour
   571 | D:2      | Reached skill level 1 in Stealth
   573 | D:2      | Reached XP level 4. HP: 24/27 MP: 4/4
   577 | D:2      | Killed from afar by an orc priest

Skill      XL: |  1  2  3 |
---------------+----------+-----
Short Blades   | 3 |  3.2
Armour         | 1 |  1.2
Stealth        | 1 |  1.1
Dodging        | 3 |  3.0
Fighting       | |  2.5
Throwing       | |  1.7

Action                   |  1- 3 |  4- 6 || total
-------------------------+-------+-------++-------
Melee: Rapier            |    41 |       ||    41
       Short sword       |    14 |     2 ||    16
  Use: Potion            |     1 |     1 ||     2
Armor: Leather armour    |    16 |       ||    16
Dodge: Dodged            |    31 |     3 ||    34
